 Dungeon Crawl Stone Soup version 0.27.1-2-g3b301248ec (webtiles) character file.

Game seed: 14766934382145202688

18 iamoutofideas the Skirmisher (level 2, -1/27 HPs)
             Began as a Hill Orc Fighter on Oct 2, 2021.
             Slain by a gnoll (9 damage)
             ... on level 2 of the Dungeon.
             The game lasted 00:00:33 (701 turns).

iamoutofideas the Skirmisher (Hill Orc Fighter)      Turns: 701, Time: 00:00:34

Health: -1/27      AC:  6    Str: 18    XL:     2   Next: 66%
Magic:  2/2        EV:  9    Int:  8    God:
Gold:   81         SH:  0    Dex: 10    Spells: 1/1 levels left

rFire    . . .     SeeInvis .   a - +0 war axe
rCold    . . .     Faith    .   (no shield)
rNeg     . . .     Spirit   .   b - +0 scale mail
rPois    .         Reflect  .   (no helmet)
rElec    .         Harm     .   (no cloak)
rCorr    .         Rampage  .   (no gloves)
Will     .....                  (no boots)
Stlth    ..........             (no amulet)
HPRegen  0.09/turn              (no ring)
MPRegen  0.08/turn              (no ring)

@: no status effects
A: no striking features
a: no special abilities


You were on level 2 of the Dungeon.
You visited 1 branch of the dungeon, and saw 2 of its levels.

You collected 81 gold pieces.

Inventory:

Hand Weapons
 a - a +0 war axe (weapon)
Armour
 b - a +0 scale mail (worn)
 c - a +0 kite shield
Scrolls
 f - a scroll of teleportation {unknown}
 g - a scroll of torment {unknown}
 h - a scroll of fear {unknown}
Potions
 d - a potion of might
 e - a potion of brilliance {unknown}


   Skills:
 + Level 3.7 Fighting
 + Level 3.2 Axes
 + Level 3.6 Armour
 + Level 0.1 Dodging
 + Level 3.5 Shields


You had one spell level left.
You didn't know any spells.
Your spell library was empty.

Dungeon Overview and Level Annotations

Branches:
Dungeon (2/15)

Altars:


Message History

Found a club.
No target in view! 2 gnolls come into view.
The gnoll shouts!
The gnoll moves out of view.
A gnoll comes into view. It is wielding a +0 spear.
The gnoll shouts!
You hear an angry hiss.
A bat comes into view.
There is an escape hatch in the floor here.
A goblin comes into view. It is wielding a +0 dagger.
Found an inky potion.
The goblin shouts!
The bat hits you but does no damage.
The goblin moves out of view.
There are monsters nearby!
The bat barely misses you.
There are monsters nearby!
You slash the gnoll!
The gnoll is severely wounded.
You closely miss the gnoll. The bat hits you but does no damage.
The bat barely misses you. The gnoll hits you with a +0 whip.
The gnoll hits you with a +0 flail.
The gnoll hits you from afar with a +0 spear.
A goblin comes into view. It is wielding a +0 club.
The gnoll closely misses you. The bat hits you but does no damage.
The gnoll hits you with a +0 flail!
* * * LOW HITPOINT WARNING * * *
The bat closely misses you. The bat hits you but does no damage.
The bat hits you but does no damage. The bat barely misses you.
The bat closely misses you. The bat closely misses you.
The bat hits you but does no damage. The bat barely misses you.
The bat barely misses you. The bat barely misses you.
The bat hits you but does no damage. The bat barely misses you.
There is a stone staircase leading up here.
The bat hits you but does no damage. The gnoll hits you with a +0 flail!
You die...

...
#########..#..#.
##.....##.......#
##...............#
#.................
#..............)..
#...g.............
#@..b.............
#.ggg............#
#..........>.##.##
##...........# .#
##.....##...# #
############


You could see 3 gnolls, a goblin and a bat.

Vanquished Creatures
  3 ball pythons (D:1)
  A bat (D:1)
  2 giant cockroaches (D:1)
  A goblin (D:1)
  3 hobgoblins (D:1)
  2 quokkas (D:1)
  2 frilled lizards (D:1)
  A kobold (D:1)
15 creatures vanquished.

Notes
Turn   | Place    | Note
-------+----------+-------------------------------------------
     0 | D:1      | iamoutofideas the Hill Orc Fighter began the quest for the
                  | Orb.
     0 | D:1      | Reached XP level 1. HP: 19/19 MP: 1/1
   159 | D:1      | Reached XP level 2. HP: 27/27 MP: 2/2
   375 | D:1      | Found a faded altar of an unknown god.
   701 | D:2      | Slain by a gnoll

Illustrated notes

Levels and vault maps discovered:
D:1:      amcnicky_arrival_gap_in_the_tavern_cellar, layout_rooms,
          chequers_ecumenical_altar_lobes, minmay_close_crescents
D:2:      layout_rooms, amcnicky_mini_corridor_feature

Skill      XL: |  1  2 |
---------------+-------+-----
Axes           | 3 |  3.2
Fighting       | |  3.7
Armour         | |  3.6
Dodging        | |  0.1
Shields        | |  3.5

Action                   || total
-------------------------++-------
Melee: War axe           ||    52
Armor: Scale mail        ||    35
Dodge: Dodged            ||    22
Block: Kite shield       ||    21
